 Dungeon Crawl Stone Soup version 0.19-a0-414-g76fec5b (webtiles) character file.

53 Leszczynek the Chiller (level 3, -2/28 HPs)
             Began as a Naga Ice Elementalist on May 31, 2016.
             Was an Initiate of Cheibriados.
             Slain by a gnoll
             ... wielding a +0 whip
              (6 damage)
             ... on level 2 of the Dungeon.
             The game lasted 00:03:54 (1372 turns).

Leszczynek the Chiller (Naga Ice Elementalist)      Turns: 1372, Time: 00:03:55

Health: -2/28      AC:  2    Str: 12    XL:     3   Next: 89%
Magic:  3/6        EV: 10    Int: 16    God:    Cheibriados [......]
Gold:   109        SH:  0    Dex: 12    Spells: 2 memorised, 2 levels left

rFire  . . .     SeeInvis +     h - +0 dagger (flame)
rCold  . . .     Gourm    .     a - +0 robe
rNeg   . . .     Faith    .     (no shield)
rPois  +         Spirit   .     (no helmet)
rElec  .         Dismiss  .     (no cloak)
rCorr  .         Reflect  .     (no gloves)
SustAt .         Harm     .     (no barding)
MR     .....                    (no amulet)
Stlth  ++........               (no ring)
                                (no ring)

@: short of breath, very slightly contaminated, very slow, not resistant to
hostile enchantments, unstealthy
A: see invisible, deformed body, poison resistance, slowness 2, slow metabolism
1, spit poison 2, AC +1
a: Spit Poison, Bend Time, Renounce Religion


You were on level 2 of the Dungeon.
You worshipped Cheibriados.
Cheibriados was noncommittal.
You were not hungry.

You visited 1 branch of the dungeon, and saw 2 of its levels.

You collected 109 gold pieces.

Inventory:

Hand Weapons
 h - a +0 dagger of flaming (weapon)
Armour
 a - a +0 robe (worn)
Scrolls
 d - a scroll of teleportation {unknown}
 i - a scroll of amnesia {unknown}
 j - a scroll of remove curse
 k - a scroll of recharging {unknown}
 m - a scroll of enchant armour {unknown}
Potions
 e - 2 potions of cancellation {unknown}
 f - a potion of berserk rage {unknown}
 g - a potion of heal wounds {unknown}
 n - a potion of resistance {unknown}
 o - a potion of lignification {unknown}
Books
 b - a book of Frost

   Spells                             Type                      Level
   a - Freeze                         Ice                          1
   b - Throw Frost                    Conjuration/Ice              2
   c - Ozocubu's Armour               Charms/Ice                   3
   d - Throw Icicle                   Conjuration/Ice              4
   e - Summon Ice Beast               Ice/Summoning                4
Comestibles
 c - 2 bread rations
 l - 3 chunks of flesh


   Skills:
 - Level 1.5 Dodging
 - Level 3.0 Stealth
 - Level 2.0 Spellcasting
   Level 1.0 Conjurations
 + Level 1.7 Charms
 - Level 4.2 Ice Magic


You had 2 spell levels left.
You knew the following spells:

 Your Spells              Type           Power        Failure   Level  Hunger
a - Freeze                Ice            ###.         4%          1    #......
b - Ozocubu's Armour      Chrm/Ice       ##......     21%         3    ###....


Dungeon Overview and Level Annotations

Branches:
Dungeon (2/15)

Altars:
Cheibriados


Innate Abilities, Weirdness & Mutations

You cannot wear boots.
Your serpentine skin is tough (AC +1).
You have supernaturally acute eyesight. (SInv)
Armour fits poorly on your strangely shaped body.
Your system is resistant to poisons. (rPois)
You cover ground very slowly.
You have a slow metabolism.
You can spit poison.


Message History

The gnoll shouts!
The gnoll shouts!
A kobold comes into view.
The kobold moves out of view.
The gnoll misses you. The gnoll hits you with a whip.
Press: ? - help, Shift-Dir - straight line, f - gnoll
Aim: a gnoll, wielding a whip The splash of poison hits the gnoll.
The gnoll is poisoned.
The gnoll is lightly wounded.
You feel slightly more hungry. The gnoll hits you with a whip.
Casting: Freeze
Confirm with . or Enter, or press ? or * to list all spells.
You miscast Ozocubu's Armour.
You are very lightly contaminated with residual magic.
You feel uncomfortably cold.
The gnoll hits you from afar with a halberd!
Ouch! That really hurt!
* * * LOW HITPOINT WARNING * * *
The gnoll hits you with a whip.
You die...

..?. .K.
######.$###..
........gr#.#
###### #..#.#g#
##....# #..g<#g#
#.....# ##.#.#.#
#.<...+
#...#.#######.#...#
#####..gg.#.._....#
#####@..#.#...#
#.###...### #.#
####.. ..# .## ####
.#


You could see 2 gnolls.

Vanquished Creatures
  An adder (D:2)
  A gnoll (D:1)
  A worm (D:1)
  A dart slug (D:1)
  A giant gecko (D:1)
  A giant cockroach (D:1)
  2 goblins (D:1)
  A hobgoblin (D:1)
  6 jackals (D:1)
  3 kobolds (D:1)
  3 ball pythons (D:1)
  4 bats (D:1)
  3 giant newts (D:1)
  3 rats (D:1)
31 creatures vanquished.

Notes
Turn   | Place    | Note
--------------------------------------------------------------
     0 | D:1      | Leszczynek the Naga Ice Elementalist began the quest for the Orb.
     0 | D:1      | Reached XP level 1. HP: 15/15 MP: 3/3
    76 | D:1      | Reached XP level 2. HP: 14/22 MP: 0/5
   779 | D:1      | Reached skill level 4 in Ice Magic
   787 | D:1      | Reached XP level 3. HP: 18/28 MP: 1/6
  1014 | D:1      | Learned a level 3 spell: Ozocubu's Armour
  1170 | D:2      | Reached skill level 1 in Charms
  1345 | D:2      | Found a snail-covered altar of Cheibriados.
  1348 | D:2      | Became a worshipper of Cheibriados the Contemplative
  1372 | D:2      | Slain by a gnoll

Vault maps used:
D:1:      matt_arrival_grand_opening, minivault_5
D:2:      grunt_temple_overflow_order_and_chaos_1, lemuel_crystal_altar,
          uniq_terence, uniq_iyjb

Skill      XL: |  1  2  3 |
---------------+----------+-----
Ice Magic      | 4 |  4.2
Charms         | 1 |  1.7
Dodging        | |  1.5
Stealth        | |  3.0
Spellcasting   | |  2.0
Conjurations   | |  1.0

Action                   || total
-------------------------++-------
Melee: Dagger            ||    46
 Cast: Freeze            ||    24
       Ozocubu's Armour  ||     1
 Abil: Spit Poison       ||     9
  Use: Scroll            ||     1
 Stab: Sleeping          ||     5
  Eat: Chunk             ||     2
Armor: Robe              ||    14
Dodge: Dodged            ||    55
